monkhack, neutral male human Monk ----- --------- |...| ........| |<..-##########0 .........| |...| ##.......... |.(..## # 1.......| -|-.- # +-------- ### ### ## # #### ### --|--|-- @ -.------------ |......| )q)............| |......| |...........$| |......| ............| -------- ------------- monkhack the Initiate Experience level: 9 Strength: 18/01 Dexterity: 15 Constitution: 11 Intelligence: 10 Wisdom: 13 Charisma: 10 Health: 0(59) Energy: 8(47) AC: 2 Gold: 460 Moves: 3769 Your Inventory: Coins $ - 460 gold pieces Amulets I - an [uncursed] oval amulet [of ESP] Weapons l - a blessed [+1] silver spear (weapon in hand) m - 79 uncursed [+0] darts (in quiver) J - an [uncursed +0] dagger S - an uncursed [+0] throwing spear [javelin] Armor a - an uncursed +2 pair of leather gloves (being worn) b - an uncursed +1 robe (being worn) k - an uncursed +0 orcish helm (being worn) n - an uncursed +0 pair of hiking boots [water walking] (being worn) L - a [blessed +1] dwarvish cloak Tools c - an uncursed towel y - an [uncursed oil] lamp B - an [uncursed] bag [sack] E - an [uncursed] key [skeleton key] Contents of the sack: 1130 gold pieces 6 uncursed apples 5 uncursed food rations 3 uncursed fortune cookies 6 uncursed oranges 3 [uncursed] tripe rations an [uncursed] scroll labeled PRIRUTSENIE [of identify] a [cursed] scroll of teleportation an [uncursed] rainbow spellbook [of charm monster] an [uncursed] stylish spellbook [of confuse monster] an [uncursed] potion of gain level 5 uncursed [tallow] candles an uncursed [wax] candle an uncursed [+0] pick-axe 2 [uncursed] blue gems [worthless glass] Spells known in the end: Name Level Category Fail Memory a - sleep 1 enchantment 0% [|||||||.] Your skills at the end: Fighting Skills martial arts [Skilled] Weapon Skills Spellcasting Skills healing spells [Basic] enchantment spells [Basic] Final Attributes: You were piously aligned. Hunger level was 62. Your alignment was 28 / 28. Monster difficulty range was 1 - 8. Level difficulty was 8. You were immune to sleep. You were immune to poison. You saw invisible. You were telepathic. You were warned. You had automatic searching. You were stealthy. You could walk on water. You were fast. Your luck was zero. You are dead. Vanquished creatures: a large mimic a giant beetle an iron piercer a mumak a gnome king 2 dingos a dwarf lord a dust vortex a raven 2 Woodland-elves a fire ant 6 enormous rats a pony 7 gnome lords a gray ooze a straw golem 2 giant ants 2 floating eyes a kitten 9 dwarves 8 hill orcs a centipede a giant bat a wererat 4 killer bees 2 acid blobs 2 hobbits 5 manes a hobgoblin 4 giant rats 44 gnomes 2 garter snakes a gecko a jackal a fox 2 kobolds 3 goblins 8 sewer rats 2 grid bugs a lichen 2 kobold zombies a newt 140 creatures vanquished. Voluntary challenges: You pretended to be a vegetarian. You used a wielded weapon 66 times. You read items or engraved 18 times. You put on armor 6 times. You never genocided any monsters. You never polymorphed an object. You never changed form. You used no wishes. You wrote Elbereth's name 11 times. You never encountered a bones level. You never used any Sokoban shortcuts. Dungeon overview: The Dungeons of Doom: levels 1 to 8 Level 1 (stash) an altar, a fountain a long staircase Level 3 a potion shop, an altar to Chih Sung-tzu, some fountains Level 4 stairs to The Gnomish Mines Level 5 a fountain Level 6 a weapon shop Level 7 a fountain Level 8 <- You were here The Gnomish Mines: levels 5 to 10 Level 5 stairs to The Dungeons of Doom Level 8 a temple, a magic chest, a fountain History has recorded: On T:1 you entered the Dungeons of Doom to retrieve the Amulet of Yendor! On T:113 you reached level 2 of The Dungeons of Doom. On T:585 you reached level 3 of The Dungeons of Doom. On T:673 you advanced to experience level 2. On T:800 you advanced to experience level 3. On T:881 you reached level 4 of The Dungeons of Doom. On T:1082 you reached level 5 of The Dungeons of Doom. On T:1172 you reached level 1 of The Gnomish Mines. On T:1177 you advanced to experience level 4. On T:1194 you advanced to experience level 5. On T:1271 you advanced to experience level 6. On T:1292 you reached level 2 of The Gnomish Mines. On T:1371 you reached level 3 of The Gnomish Mines. On T:1380 you advanced to experience level 7. On T:1489 you reached level 4 of The Gnomish Mines. On T:1618 you reached level 5 of The Gnomish Mines. On T:1692 you advanced to experience level 8. On T:1703 you reached level 6 of The Gnomish Mines. On T:3065 you reached level 6 of The Dungeons of Doom. On T:3227 you reached level 7 of The Dungeons of Doom. On T:3622 you advanced to experience level 9. On T:3625 you reached level 8 of The Dungeons of Doom. Latest messages: The dart slips as you throw it! The dart slips as you throw it! The dart hits the mumak. The dart misses the mumak. The dart misses the mumak. The dart misses the mumak. The dart hits the mumak. The dart hits the mumak. The dart misses the mumak. The dart hits the mumak. The dart hits the mumak. The mumak butts! You die... Final status: Punardarsanaya monkhack the Monk... You died in The Dungeons of Doom on dungeon level 8 with 14638 points, and 1590 pieces of gold, after 3769 moves. You were level 9 with a maximum of 59 hit points when you died.